 Dungeon Crawl Stone Soup version 0.21-a0-404-g291f19a (webtiles) character file.

137 tof the Slasher (level 5, 0/47 HPs)
             Began as a Minotaur Monk on Oct 29, 2017.
             Slain by a gnoll
             ... wielding a +0 halberd
              (9 damage)
             ... on level 2 of the Dungeon.
             The game lasted 00:02:14 (1661 turns).

tof the Slasher (Minotaur Monk)                     Turns: 1661, Time: 00:02:15

Health: 0/47       AC: 10    Str: 15    XL:     5   Next: 0%
Magic:  4/4        EV:  5    Int:  7    God:
Gold:   72         SH:  0    Dex: 14    Spells: 4/4 levels left

rFire    . . .     SeeInvis .   a - +0 falchion
rCold    . . .     Gourm    .   (no shield)
rNeg     . . .     Faith    .   h - -1 plate armour (curse)
rPois    .         Spirit   .   (helmet restricted)
rElec    .         Reflect  .   (no cloak)
rCorr    .         Harm     .   (no gloves)
MR       .....                  (no boots)
Stlth    ..........             (no amulet)
HPRegen  0.15/turn              (no ring)
MPRegen  0.09/turn              (no ring)

@: no status effects
A: retaliatory headbutt, horns 2
a: no special abilities


You were on level 2 of the Dungeon.
You were hungry.

You visited 1 branch of the dungeon, and saw 2 of its levels.

You collected 72 gold pieces.

Inventory:

Hand Weapons
 a - a +0 falchion (weapon)
Armour
 h - a cursed -1 plate armour (worn)
Wands
 k - a wand of polymorph (7/24)
Scrolls
 d - 3 scrolls of identify {unknown}
 e - 3 scrolls of amnesia {unknown}
 g - a scroll of blinking {unknown}
 j - 2 scrolls of immolation {unknown}
 l - a scroll of recharging {unknown}
Comestibles
 b - a royal jelly
 c - a bread ration
 f - 3 meat rations
 i - 3 fruits


   Skills:
 + Level 4.5 Fighting
 * Level 5.2 Long Blades
 + Level 2.2 Armour
 + Level 4.0 Dodging
 - Level 1.5 Stealth


You had 4 spell levels left.
You didn't know any spells.

Dungeon Overview and Level Annotations

Branches:
Dungeon (2/15)

Altars:


Innate Abilities, Weirdness & Mutations

You reflexively headbutt those who attack you in melee.
You have a pair of horns on your head.


Message History

You are too injured to fight recklessly!
There are monsters nearby!
You are too injured to fight recklessly!
The gnoll hits you from afar with a halberd.
The gnoll hits you.
There is an open door here.
You closely miss the gnoll.
The gnoll hits you from afar with a halberd!
The gnoll hits you. x2
You closely miss the gnoll. The gnoll closely misses you.
The gnoll hits you but does no damage. x2
You closely miss the gnoll. Your headbutt misses the gnoll. The gnoll hits you.
The gnoll hits you but does no damage.
The gnoll hits you from afar with a halberd!
* * * LOW HITPOINT WARNING * * *
Your plate armour prevents you from hitting the gnoll.
The gnoll barely misses you. The gnoll hits you.
* * * LOW HITPOINT WARNING * * *
The gnoll hits you from afar with a halberd!
You die...

..# #.#.# #.#.#...# #.#
#. ..# #.#†# #.#.#...#
#.# ## ### #.#.#
#.#[#.#.# #.# # #.#.#
#.#....># #.# # #.#.#
#.#.#.#######.# #....
###'#.# #.............#
#....
#(....########.##########
#....
#..........)...g......
#....
#............#@####### #
#....
###'#.#....#.#g#######...
+....
#.#.#...<...g..g....#
#.#.######......†...#
#.#.# +..........# #.#.#
#..........# #.#.#
#..........# #.#.#
#..........# #.#
#..........#


You could see 3 gnolls.

Vanquished Creatures
  Terence (D:2)
  A worker ant (D:2)
  A gnoll (D:1)
  2 adders (D:2)
  2 worms (D:2)
  2 dart slugs
  A leopard gecko (D:2)
  3 ball pythons
  2 giant cockroaches (D:2)
  8 goblins
  5 hobgoblins
  4 jackals (D:1)
  4 bats
  6 frilled lizards
  4 kobolds
  6 rats
52 creatures vanquished.

Notes
Turn   | Place    | Note
-------+----------+-------------------------------------------
     0 | D:1      | tof the Minotaur Monk began the quest for the Orb.
     0 | D:1      | Reached XP level 1. HP: 19/19 MP: 0/0
    15 | D:1      | Reached skill level 4 in Long Blades
    15 | D:1      | Reached XP level 2. HP: 18/27 MP: 1/1
   259 | D:1      | Reached skill level 1 in Armour
   473 | D:1      | Reached XP level 3. HP: 33/33 MP: 2/2
  1099 | D:2      | Noticed Terence
  1119 | D:2      | Killed Terence
  1119 | D:2      | Reached XP level 4. HP: 40/40 MP: 3/3
  1137 | D:2      | Reached skill level 5 in Long Blades
  1624 | D:2      | Reached XP level 5. HP: 44/47 MP: 4/4
  1661 | D:2      | Slain by a gnoll

Vault maps used:
D:1:      tarquinn_simple_flora_water_e
D:2:      minmay_misc_feat_encased, uniq_terence

Skill      XL: |  1  2  3  4 |
---------------+-------------+-----
Long Blades    | 4 5 |  5.2
Armour         | 1 2 |  2.2
Fighting       | 4 |  4.5
Dodging        | 4 |  4.0
Stealth        | |  1.5

Action                   |  1- 3 |  4- 6 || total
-------------------------+-------+-------++-------
Melee: Falchion          |    78 |    44 ||   122
       Headbutt          |    11 |     5 ||    16
       Unarmed           |     8 |    13 ||    21
 Stab: Sleeping          |     4 |       ||     4
       Distracted        |     1 |       ||     1
  Eat: Chunk             |       |     2 ||     2
Armor: Robe              |     6 |       ||     6
       Plate armour      |    13 |    24 ||    37
       Skin              |     1 |     2 ||     3
Dodge: Dodged            |    58 |    25 ||    83
       Rpst.: Falchion   |    14 |     3 ||    17

Table legend:
 A = Spawn XP
 B = Non-spawn XP
 C = Spawn XP percentage of total XP
 D = Spawn monster count
 E = Non-spawn monster count
 F = Spawn count percentage of total count
 G = Total turns spent on level
                    A         B        C        D         E        F      G
               +---------+---------+-------+---------+---------+-------+---------
         Total |       0 |     197 |   0.0 |       0 |      52 |   0.0 |  1661
               +---------+---------+-------+---------+---------+-------+---------
           D:1 |       0 |      59 |   0.0 |       0 |      28 |   0.0 |   775
           D:2 |       0 |     138 |   0.0 |       0 |      24 |   0.0 |   886
               +---------+---------+-------+---------+---------+-------+---------
